cohdb
Replays
Latest Replays
All Replays
Popular Replays
Top Player Replays
Match Explorer
How It Works
Community
CoH3 Stats
Reddit
Sign in to upload your games and track your stats! →
Sign in with Steam
Match 44584940
Unlisted
Match 44584940
Overview
Messages
Build Orders
End
Kradschützen Motorcycle Team
Selects Italian Infantry
Panzergrenadier Squad
Panzergrenadier Squad
Construct Light Support Kompanie
2.5-tonne Medical Truck
Selects Guastatori Squad
Guastatori Squad
Panzerjäger Mechanized Group
Selects Registered Artillery
Panzerjäger Squad
Fire Support Elements
Selects Defensive Operations
Selects Towed Cannone da 105/28 Field Howitzer
stediscus
ZyAcroQC
0
0
Comments
sign in to comment!
No comments posted yet!